 Dungeon Crawl Stone Soup version 0.23.2-40-g277498a001 (webtiles) character file.

Game seed: 14589270274596345872

71 BeastOfSaturn the Ruffian (level 4, -2/35 HPs)
             Began as a Draconian Transmuter on Oct 8, 2019.
             Slain by a goblin (3 damage)
             ... led by Robin
             ... on level 2 of the Dungeon.
             The game lasted 00:07:47 (1595 turns).

BeastOfSaturn the Ruffian (Draconian Transmuter)    Turns: 1595, Time: 00:07:47

Health: -2/35      AC:  5    Str: 14    XL:     4   Next: 5%
Magic:  7/7        EV: 12    Int: 13    God:
Gold:   52         SH:  0    Dex: 11    Spells: 6/7 levels left

rFire    . . .     SeeInvis .     - Unarmed
rCold    . . .     Gourm    .   (no shield)
rNeg     . . .     Faith    .   (armour unavailable)
rPois    .         Spirit   .   (helmet restricted)
rElec    .         Reflect  .   (no cloak)
rCorr    .         Harm     .   (no gloves)
MR       .....                  (no boots)
Stlth    +.........             (no amulet)
HPRegen  0.11/turn              (no ring)
MPRegen  0.10/turn              (no ring)

@: no status effects
A: unfitting armour, cold-blooded, AC +5
a: no special abilities


You were on level 2 of the Dungeon.
You were not hungry.

You visited 1 branch of the dungeon, and saw 2 of its levels.

You collected 52 gold pieces.

Inventory:

Missiles
 a - 25 arrows
Armour
 h - a +2 cloak
Scrolls
 b - a scroll of noise {unknown}
 d - a scroll of identify {unknown}
 i - a scroll of amnesia {unknown}
Potions
 e - a potion of curing {unknown}
 f - a potion of might {unknown}
 g - a potion of haste {unknown}
Comestibles
 c - 3 rations


   Skills:
 + Level 1.2 Fighting
 * Level 2.3 Dodging
 * Level 4.6 Unarmed Combat
 - Level 2.0 Spellcasting
 + Level 2.0 Transmutations


You had 6 spell levels left.
You knew the following spells:

 Your Spells              Type           Power        Failure   Level  Hunger
a - Beastly Appendage     Tmut           #.....       11%         1    ##.....

Your spell library contained the following spells:

 Spells                   Type           Power        Failure   Level  Hunger
 Sticks to Snakes         Tmut           #.......     17%         2    ###....
 Spider Form              Tmut/Pois      #.........   45%         3    ####...
 Ice Form                 Ice/Tmut       #.......     86%         4    #####..
 Blade Hands              Tmut           #.........   97%         5    ######.


Dungeon Overview and Level Annotations

Branches:
Dungeon (2/15)

Altars:
Vehumet

Annotations:
D:2 Robin


Innate Abilities, Weirdness & Mutations

Your plain brown scales are hard. (AC +5)
You cannot fit into any form of body armour.
You are cold-blooded and may be slowed by cold attacks.


Message History

A hobgoblin comes into view. It is wielding a +0 club.
The goblin barely misses you.
You hit the goblin.
You kill the goblin!
Robin roars a battlecry!
You hear a shout! x2
You hear a shout!
The goblin unwields a +0 dagger.
The goblin wields a +0 hunting sling.
The goblin shoots a stone.
The stone closely misses you.
A goblin comes into view. It is wielding a +0 club.
Things that are here:
a +0 dagger x2; a goblin corpse You see here a stone.
The goblin no longer looks unusually strong.
The goblin shoots a stone.
The stone hits you.
* * * LOW HITPOINT WARNING * * *
You see here a stone.
The goblin shoots a stone.
The stone hits you but does no damage. Robin throws the goblin at you!
The goblin hits you.
You die...

#.####.# .......##### #
...........# .#
#.......##. #.#
#.......##.#####.#. #
#......###....... ..
#.......################
##.####........g.#......
...#...#########@#.#
#####.. #(#.# #...
#.#....# ..#.# #.####.#
..... #g####.### ......
#(g).g...# .. .##
######.###


You could see Robin and 2 goblins.

Vanquished Creatures
  3 adders
  A gnoll (D:1)
  A dart slug (D:1)
  2 leopard geckos
  2 ball pythons
  7 goblins
  3 hobgoblins
  4 bats (D:1)
  A frilled lizard (D:1)
  5 kobolds
  3 rats (D:1)
32 creatures vanquished.

Notes
Turn   | Place    | Note
-------+----------+-------------------------------------------
     0 | D:1      | BeastOfSaturn the Draconian Transmuter began the quest for
                  | the Orb.
     0 | D:1      | Reached XP level 1. HP: 16/16 MP: 3/3
    47 | D:1      | Reached XP level 2. HP: 7/23 MP: 5/5
   884 | D:1      | Reached skill level 4 in Unarmed Combat
   898 | D:1      | Reached XP level 3. HP: 23/28 MP: 6/6
  1362 | D:2      | Found a radiant altar of Vehumet.
  1573 | D:2      | Noticed Robin
  1577 | D:2      | Reached XP level 4. HP: 18/35 MP: 5/7
  1586 | D:2      | HP: 1/35 [goblin/+0 dagger[Robin] (5)]
  1594 | D:2      | HP: 1/35 [goblin/stone[Robin] (1)]
  1595 | D:2      | Slain by a goblin

Skill      XL: |  1  2 |
---------------+-------+-----
Dodging        | 2 |  2.3
Unarmed Combat | 4 |  4.6
Fighting       | |  1.2
Spellcasting   | |  2.0
Transmutations | |  2.0

Action                   |  1- 3 |  4- 6 || total
-------------------------+-------+-------++-------
Melee: Unarmed           |   125 |    12 ||   137
       Tailslap          |     9 |       ||     9
       Kick              |     2 |       ||     2
       Punch             |     2 |       ||     2
       Headbutt          |     3 |       ||     3
 Cast: Beastly Appendage |     5 |       ||     5
  Eat: Chunk             |     2 |       ||     2
Armor: Skin              |    42 |     8 ||    50
Dodge: Dodged            |    95 |    12 ||   107
